 Dungeon Crawl Stone Soup version bcrawl-1.37 (webtiles) character file.

Game seed: 3938241036764936215

383629 Cel the Severer (level 11, -1/148 HPs)
             Began as a Minotaur Berserker on Sept 25, 2022.
             Was an Elder of Trog.
             Succumbed to Sonja's poison
             ... on level 2 of the Lair of Beasts.
             The game lasted 00:39:16 (10466 turns).

Cel the Severer (Minotaur Berserker)               Turns: 10466, Time: 00:39:17

Health: -1/148     AC: 17    Str: 34    XL:     11   Next: 57%
Magic:  13/13      EV:  7    Int:  4    God:    Trog [****..]
Gold:   449        SH: 11    Dex: 10    Spells: 10/10 levels left

rFire    . . .     GDR:     24% O - +9 war axe of the People {venom, Str+4}
rCold    . . .     SeeInvis .   u - +0 medium shield
rNeg     . . .     Gourm    .   f - +1 plate armour
rPois    .         Faith    .   J - +0 hat
rElec    .         Spirit   .   E - +2 cloak
rCorr    .         Reflect  .   i - +0 pair of gloves
MR       ++++.                  I - +0 pair of boots
Stlth    ..........             (no amulet)
HPRegen  1.74/turn              H - ring of protection from magic
MPRegen  0.13/turn              (no ring)

@: berserking, lethally poisoned (-1 -> -32), very slightly contaminated,
regenerating, invisible, very quick
A: retaliatory headbutt, horns 2
a: Berserk, Trog's Hand, Brothers in Arms, Renounce Religion


You were on level 2 of the Lair of Beasts.
You worshipped Trog.
Trog was greatly pleased with you.
You were hungry.

You visited 2 branches of the dungeon, and saw 12 of its levels.

You collected 653 gold pieces.
You spent 204 gold pieces at shops.

Inventory:

Hand Weapons
 O - the +9 war axe of the People (weapon) {venom, Str+4}
   (You bought it in a shop on level 8 of the Dungeon)

   It poisons the flesh of those it strikes.
   It affects your strength (+4).
 Q - a +4 scimitar of flaming
Missiles
 o - 958 stones (quivered)
 P - 79 javelins
Armour
 f - a +1 plate armour (worn)
 i - a +0 pair of gloves (worn)
 u - a +0 medium shield (worn)
 E - a +2 cloak (worn)
 I - a +0 pair of boots (worn)
 J - a +0 hat (worn)
Jewellery
 j - an uncursed amulet of guardian spirit {unknown}
 l - an uncursed ring of resist corrosion {unknown}
 n - a cursed ring of attention {unknown}
 s - an uncursed ring of protection from fire {unknown}
 t - an uncursed ring of see invisible {unknown}
 v - a cursed amulet of inaccuracy {unknown}
 H - a ring of protection from magic (left hand)
Wands
 C - a wand of scattershot (6)
 F - a wand of digging (10)
Scrolls
 b - 3 scrolls of immolation
 c - 3 scrolls of teleportation
 p - a scroll of amnesia {unknown}
 w - 3 scrolls of remove curse {unknown}
 x - 2 scrolls of enchant weapon
 y - a scroll of enchant armour
 B - a scroll of vulnerability {unknown}
 K - 2 scrolls of blinking {unknown}
 M - 2 scrolls of silence {unknown}
 R - a scroll of magic mapping
Potions
 a - a potion of cancellation {unknown}
 d - 9 potions of might {unknown}
 g - 2 potions of invisibility
 h - 2 potions of agility {unknown}
 k - 2 potions of lignification {unknown}
 m - 3 potions of degeneration
 q - 2 potions of haste
 r - 2 potions of flight {unknown}
 z - 3 potions of brilliance
 A - 3 potions of mutation
 G - a potion of heal wounds {unknown}
 L - 2 potions of ambrosia {unknown}
 N - a potion of curing {unknown}
Comestibles
 e - 19 rations {!d}
 D - 2 chunks of flesh


   Skills:
 + Level 9.7 Fighting
 - Level 16.0 Axes
 - Level 2.4 Armour
 - Level 7.6 Dodging
 * Level 5.1 Shields
 - Level 5.0 Evocations


You had 10 spell levels left.
You didn't know any spells.
Your spell library was empty.

Dungeon Overview and Level Annotations

Branches:
Dungeon (10/12)            Temple (0/1) D:7            Lair (2/6) D:9
  Swamp: Lair:2-4    Shoals: Lair:2-4     Snake: Lair:2-4    Spider: Lair:2-4
    Orc: D:8-11

Altars:
Gozag
Hepliaklqana
Kikubaaqudgha

Shops:
D:4 =   D:6 *   D:8 ((   D:9 (

Annotations:
D:7 1 runed translucent door, yrara's ghost, novice DsFi
D:8 2 runed translucent doors, yrara's ghost, novice DsFi
Lair:2 exclusion: oklob plant, Sonja


Innate Abilities, Weirdness & Mutations

You reflexively headbutt those who attack you in melee.
You have a pair of horns on your head.


Message History

You slice something!!
* * * LOW HITPOINT WARNING * * *
You feel very sick. You block something's attack.
You slash something!
Your skin stops crawling.
* * * LOW HITPOINT WARNING * * *
You feel very sick. Something hits you.
* * * LOW HITPOINT WARNING * * *
You are more poisoned.
Your skin crawls.
You feel somewhat more hungry. Trog will no longer gift you weapons.
* * * LOW HITPOINT WARNING * * *
You feel very sick. Something hits you.
* * * LOW HITPOINT WARNING * * *
A red film seems to cover your vision as you go berserk!
You feel yourself moving faster!
You feel mighty!
You feel a lot more hungry.
You die...

..<.....#
...P....# #+.#
##.## ###..##
#...#.##
##...##.#
######
##.......##
......
.##P.....@).#
......
..##.....{..#
......
.#..........##
......
.............#
......
.#.........###
......
..#........#
......
###.....)..#
......
####..###.#
....#.
#......# ##


There were no monsters in sight!

Vanquished Creatures
  Erica (D:8)
  A hydra (Lair:2)
  3 black mambas (Lair:1)
  2 cane toads (Lair:1)
  2 komodo dragons
  2 hippogriffs
  8 blink frogs
  A spriggan (D:7)
  A vampire (D:9)
  A basilisk (Lair:2)
  A steam dragon (D:6)
  5 crocodiles
  4 water moccasins
  Duvessa (D:4)
  11 porcupines
  An orc warrior (D:9)
  2 black bears (D:9)
  3 ogres (D:7)
  A phantom (D:8)
  2 necrophages
  4 wolves (Lair:1)
  6 bullfrogs
  5 centaurs
  A wyvern skeleton (D:9)
  2 scorpions
  Dowan (D:4)
  3 killer bees (D:8)
  4 wights
  A howler monkey (D:7)
  5 orc priests
  7 crimson imps
  3 jellies
  2 bullfrog zombies
  A bullfrog skeleton (D:5)
  6 hounds
  3 iguanas
  9 orc wizards
  Natasha (thrice) (D:4)
  10 worker ants
  2 worker ant zombies
  8 adders
  3 gnolls (D:7)
  2 shadow imps
  8 oozes (D:3)
  3 adder skeletons
  3 adder zombies
  5 worms
  2 dart slugs (D:1)
  7 leopard geckos
  21 orcs
  2 giant cockroaches
  4 goblins
  12 hobgoblins
  7 jackals
  2 quokkas
  4 ball pythons
  7 bats
  4 frilled lizards
  19 kobolds
  7 rats
  A spectral hobgoblin (D:9)
  6 fungi (D:9)
268 creatures vanquished.

Vanquished Creatures (others)
  10 fungi
  5 plants (D:9)
  11 toadstools (D:3)
26 creatures vanquished.

Grand Total: 294 creatures vanquished

Notes
Turn   | Place    | Note
-------+----------+-------------------------------------------
     0 | D:1      | Cel the Minotaur Berserker began the quest for the Orb.
     0 | D:1      | Reached XP level 1. HP: 19/19 MP: 0/0
    77 | D:1      | Reached skill level 4 in Axes
   144 | D:1      | Reached XP level 2. HP: 26/26 MP: 1/1
   299 | D:1      | Reached ** piety under Trog
   305 | D:1      | Reached skill level 5 in Axes
   397 | D:1      | Reached XP level 3. HP: 30/31 MP: 2/2
  1361 | D:3      | Reached skill level 6 in Axes
  1361 | D:3      | Reached XP level 4. HP: 28/39 MP: 3/3
  1370 | D:3      | Reached *** piety under Trog
  1748 | D:3      | Reached XP level 5. HP: 45/45 MP: 4/4
  1769 | D:3      | Reached skill level 7 in Axes
  2284 | D:3      | Reached skill level 8 in Axes
  2292 | D:3      | Reached XP level 6. HP: 25/51 MP: 5/5
  2533 | D:4      | Noticed a hippogriff
  2546 | D:4      | Killed a hippogriff
  2547 | D:4      | Reached skill level 9 in Axes
  2596 | D:4      | Reached **** piety under Trog
  2597 | D:4      | Reached XP level 7. HP: 42/57 MP: 6/6
  2809 | D:4      | Reached skill level 10 in Axes
  2988 | D:4      | Noticed Duvessa
  2988 | D:4      | Noticed Dowan
  3006 | D:4      | Killed Dowan
  3007 | D:4      | Killed Duvessa
  3174 | D:4      | Noticed Natasha
  3180 | D:4      | Killed Natasha
  3181 | D:4      | Reached skill level 11 in Axes
  3220 | D:4      | Found Nenouness's Jewellery Shoppe.
  3275 | D:4      | Found an opulent altar of Gozag.
  3361 | D:4      | Noticed Natasha
  3369 | D:4      | Killed Natasha
  3420 | D:4      | Noticed Natasha
  3424 | D:4      | Killed Natasha
  3447 | D:5      | Entered Level 5 of the Dungeon
  3480 | D:5      | Reached XP level 8. HP: 59/64 MP: 7/7
  4015 | D:6      | Reached skill level 12 in Axes
  4375 | D:6      | Found Rimed's Assorted Antiques.
  4585 | D:6      | Reached skill level 13 in Axes
  5094 | D:6      | Noticed a hippogriff
  5108 | D:6      | Killed a hippogriff
  5109 | D:6      | Reached skill level 14 in Axes
  5109 | D:6      | Reached XP level 9. HP: 63/70 MP: 8/8
  5746 | D:7      | Reached ***** piety under Trog
  5931 | D:7      | Found an ancient bone altar of Kikubaaqudgha.
  5941 | D:7      | Reached skill level 15 in Axes
  6151 | D:7      | Received a gift from Trog
  6400 | D:7      | Found a runed translucent door.
  6400 | D:7      | Noticed yrara's ghost (novice DsFi)
  6429 | D:7      | Found a staircase to the Ecumenical Temple.
  6779 | D:8      | Found a large runed translucent door.
  6919 | D:8      | Found Cininaah's Weapon Shop.
  6932 | D:8      | Got a slimy trident
  7093 | D:8      | Reached skill level 16 in Axes
  7139 | D:8      | Found Zitwinle's Antique Weapon Emporium.
  7152 | D:8      | Bought an ebony war axe for 204 gold pieces
  7152 | D:8      | Identified the +9 war axe of the People {venom, Str+4} (You
                  | bought it in a shop on level 8 of the Dungeon)
  7284 | D:8      | Reached skill level 1 in Evocations
  7285 | D:8      | Noticed Erica
  7296 | D:8      | Killed Erica
  7297 | D:8      | Reached skill level 5 in Fighting
  7297 | D:8      | Reached XP level 10. HP: 81/81 MP: 8/10
  7420 | D:8      | Found a large runed translucent door.
  7421 | D:8      | Noticed yrara's ghost (novice DsFi)
  7606 | D:9      | Found a hazy altar of Hepliaklqana.
  7909 | D:9      | Found a staircase to the Lair.
  8009 | D:9      | Reached skill level 5 in Dodging
  8043 | D:9      | Found Serhogh's Antique Weapon Shoppe.
  8179 | D:9      | Received a gift from Trog
  8419 | D:10     | Entered Level 10 of the Dungeon
  8429 | D:10     | Noticed a green ugly thing
  8484 | Lair:1   | Entered Level 1 of the Lair of Beasts
  8676 | Lair:1   | Noticed a black mamba
  8687 | Lair:1   | Killed a black mamba
  8793 | Lair:1   | Reached XP level 11. HP: 45/93 MP: 13/13
  8939 | Lair:1   | Reached skill level 5 in Evocations
 10027 | Lair:2   | Reached skill level 1 in Shields
 10093 | Lair:2   | Noticed a seven-headed hydra
 10100 | Lair:2   | Killed a five-headed hydra
 10203 | Lair:2   | Noticed an oklob plant
 10328 | Lair:2   | Reached skill level 5 in Shields
 10428 | Lair:2   | Noticed Sonja
 10465 | Lair:2   | HP: 2/99 [something (6)]
 10466 | Lair:2   | Succumbed to Sonja's poison

Skill      XL: |  1  2  3  4  5  6  7  8  9 10 11 |
---------------+----------------------------------+-----
Axes           | 4 5 6 8 9 11 14 16 | 16.0
Fighting       | 5 7 9 |  9.7
Evocations     | 2 4 5 |  5.0
Dodging        | 3 6 7 |  7.6
Shields        | 5 |  5.1
Armour         | |  2.4

Action                   |  1- 3 |  4- 6 |  7- 9 | 10-12 || total
-------------------------+-------+-------+-------+-------++-------
Melee: Hand axe          |    99 |   122 |   149 |       ||   370
       Headbutt          |    18 |    17 |    54 |    34 ||   123
       War axe           |       |       |   188 |   160 ||   348
       Scimitar          |       |       |       |     6 ||     6
Throw: Stone             |       |       |     5 |     4 ||     9
       Javelin           |       |       |       |     3 ||     3
Invok: Trog's Hand       |       |     1 |     1 |     3 ||     5
       Berserk           |       |     1 |     3 |     1 ||     5
Evoke: Wand              |       |       |       |     1 ||     1
  Use: Scroll            |     1 |       |     9 |     1 ||    11
       Potion            |       |       |       |     1 ||     1
  Eat: Chunk             |     3 |     5 |    19 |    15 ||    42
       Ration            |       |     1 |     1 |       ||     2
Armor: Animal skin       |    12 |       |       |       ||    12
       Plate armour      |    17 |    50 |   158 |    78 ||   303
Dodge: Dodged            |    65 |    37 |    87 |    38 ||   227
Block: Medium shield     |       |       |       |    16 ||    16
